 Dungeon Crawl Stone Soup version 0.29.1-15-g9cfb28693d (webtiles) character file.

Game seed: 13180483932052612667

28914 Charmandara the Impaler (level 13, 0/117 HPs)
             Began as a Merfolk Berserker on Apr 21, 2023.
             Was an Elder of Trog.
             Slain by a troll (6 damage)
             ... on level 2 of the Orcish Mines on Apr 26, 2023.
             The game lasted 00:35:18 (10282 turns).

Charmandara the Impaler (Merfolk Berserker)        Turns: 10282, Time: 00:35:18

Health: 0/117      AC: 16    Str: 23    XL:     13   Next: 41%
Magic:  13/13      EV: 13    Int:  6    God:    Trog [****..]
Gold:   1074       SH:  7    Dex: 13    Spells: 12/12 levels left

rFire   . . .      SeeInvis +   F - +4 demon trident (vamp)
rCold   . . .      Faith    .   C - +2 buckler
rNeg    + . .      Spirit   .   P - +0 pearl dragon scales
rPois   .          Reflect  .   (no helmet)
rElec   .          Harm     .   v - +0 cloak
rCorr   .          Rampage  .   G - +2 pair of gloves {hurl}
Will    +++..      Clarity  +   (no boots)
Stlth   ..........              n - amulet of regeneration
HPRegen 2.09/turn               x - ring of see invisible
MPRegen 0.13/turn               I - +4 ring of slaying

@: about to teleport, strong-willed, on berserk cooldown, regenerating, slowed,
invisible, very slow
A: (nimble swimmer 2), mertail, clarity, strong-willed 1
a: Renounce Religion, Berserk, Trog's Hand, Brothers in Arms


You were on level 2 of the Orcish Mines.
You worshipped Trog.
Trog was greatly pleased with you.
You visited 2 branches of the dungeon, and saw 14 of its levels.

You collected 1203 gold pieces.
You spent 129 gold pieces at shops.

Inventory:

Hand Weapons
 a - a +1 arbalest of flaming
 e - a +0 triple crossbow
 F - a +4 vampiric demon trident (weapon)
 K - a +0 bardiche
 N - a +1 antimagic glaive
Missiles
 h - 8 javelins
 i - 3 datura-tipped darts
 l - 7 boomerangs (quivered)
 y - 3 boomerangs of dispersal
 z - 27 poisoned darts
 Q - a curare-tipped dart
Armour
 d - a +3 leather armour
 v - a +0 cloak (worn)
 A - +0 swamp dragon scales
 B - a +0 plate armour
 C - a +2 buckler (worn)
 G - a +2 pair of gloves of hurling (worn)
 P - +0 pearl dragon scales (worn)
Jewellery
 n - an amulet of regeneration (around neck)
 w - a +6 ring of dexterity
 x - a ring of see invisible (left hand)
 I - a +4 ring of slaying (right hand)
Wands
 o - a wand of paralysis (7)
 p - a wand of iceblast (10)
 t - a wand of flame (17)
 J - a wand of mindburst (8)
 O - a wand of acid (3)
Scrolls
 r - 3 scrolls of magic mapping
 u - 2 scrolls of immolation
 M - 4 scrolls of poison
 R - 2 scrolls of identify
 S - a scroll of vulnerability
Potions
 b - a potion of attraction {unknown}
 f - a potion of might
 g - a potion of haste
 k - a potion of magic {unknown}
 q - a potion of flight {unknown}
 D - 2 potions of mutation
 E - 4 potions of curing
 H - 4 potions of berserk rage {unknown}
Miscellaneous
 m - a piece from Xom's chessboard (15/15)


   Skills:
 - Level 16.0 Fighting
 - Level 16.0 Polearms
 + Level 14.8 Throwing
 * Level 4.4 Armour
 * Level 9.1 Dodging
 - Level 5.0 Shields
 + Level 2.4 Evocations


You had 12 spell levels left.
You didn't know any spells.
Your spell library was empty.

Dungeon Overview and Level Annotations

Branches:
Dungeon (12/15)            Temple (0/1) D:5            Lair (0/5) D:10
    Orc (2/2) D:12            Elf (0/3) Orc:2

Altars:
Dithmenos
Elyvilon
Gozag
Hepliaklqana
Makhleb
Nemelex Xobeh
Okawaru
Qazlal
Sif Muna
Trog
Wu Jian
Yredelemnul

Shops:
D:1 (   D:6 **   Orc:1 (

Annotations:
Orc:2 3 runed translucent doors


Innate Abilities, Weirdness & Mutations

((You are very nimble when in or above water. (Stealth+, EV+, Speed+++)))
Your lower body shifts to a powerful aquatic tail in water.
You possess an exceptional clarity of mind.
You are strong-willed. (Will+)


Message History

Unknown command.
Unknown command.
Unknown command.
Okay, then.
Okay, then.
You fade into invisibility!
The two-headed ogre closely misses you.
The two-headed ogre hits you with a +0 giant club!
* * * LOW HITPOINT WARNING * * *
The ogre mage hits you but does no damage.
The troll bites you!
* * * LOW HITPOINT WARNING * * *
The troll closely misses you. The troll claws you.
* * * LOW HITPOINT WARNING * * *
The ogre closely misses you. x2
Unknown command.
Unknown command.
Unknown command.
The ogre mage closely misses you. The troll barely misses you.
The troll misses you. The troll barely misses you.
Unknown command.
Unknown command.
Okay, then.
Okay, then.
Okay, then.
As you read the scroll of teleportation, it crumbles to dust.
You feel strangely unstable.
The ogre mage hits you with a +0 halberd.
* * * LOW HITPOINT WARNING * * *
You block the two-headed ogre's attack. The two-headed ogre misses you.
The troll barely misses you. x2; The troll claws you but does no damage.
You block the ogre's attack.
Unknown command.
Unknown command.
The ogre mage attacks as you move away! The ogre mage barely misses you.
The two-headed ogre barely misses you.
The two-headed ogre hits you with a +0 giant club.
* * * LOW HITPOINT WARNING * * *
The troll misses you. The troll claws you.
You die...

..###...........## ##)#........##
...###.##........####[[.........#
.....####.........##.[)).........
.......#......[........)..)......
..............[).................
............#.[.........#...#....
##..........##)).........#####...
...........###)[.........###.....
...........##.#[@.........##.....
..........#####OTO........###....
............#..O.O.........#.....
.............))[.#...#...........
..#.##.#[.......####.#..........#
..# #.........######......#..#
.#### ###[......##.###......##.##
.#..###>........#........#...###
....##.................###..##


You could see a two-headed ogre (unable to see you), an ogre mage, a troll
(unable to see you) and 2 ogres.

Vanquished Creatures
  An orc warlord (Orc:2)
  Fannar (D:11)
  A hydra (D:12)
  5 death yaks (D:10)
  13 two-headed ogres
  Amaemon (D:8)
  Pikel (D:6)
  An orc knight (Orc:2)
  An orc sorcerer (Orc:2)
  2 cyclopes
  2 manticores (D:11)
  An orange demon (D:8)
  2 unseen horrors
  3 trolls
  The ghost of Seidenschwarz the Conjurer, a novice DECj of Vehumet (D:5)
  2 hornets (D:8)
  A wyvern (D:7)
  13 yaks
  A wraith (D:12)
  A basilisk (D:12)
  Eustachio (D:6)
  2 vampire mosquitoes (D:10)
  A steam dragon (D:7)
  Menkaure (D:6)
  A two-headed ogre zombie (D:12)
  A warg (Orc:2)
  Duvessa (D:6)
  2 ice beasts
  9 orc warriors
  A sky beast (D:8)
  8 ogres
  6 centaurs
  A lemure (D:6)
  3 phantoms (D:12)
  5 kobold brigands
  5 bullfrogs
  A necrophage (D:5)
  6 scorpions (D:5)
  Dowan (D:6)
  6 wights (D:8)
  3 troll zombies (D:12)
  10 killer bees
  3 howler monkeys
  2 jellies
  12 orc priests
  Crazy Yiuf (D:3)
  A gnoll bouda (D:7)
  4 hounds
  Jessica (D:2)
  An iguana (D:6)
  17 orc wizards
  4 ogre zombies (D:12)
  6 gnolls
  10 adders
  3 shadow imps
  3 white imps
  3 worms
  3 dart slugs
  47 orcs
  6 ball pythons
  7 endoplasms
  3 giant cockroaches
  5 goblins
  6 hobgoblins
  4 quokkas
  8 bats
  5 frilled lizards
  2 goblin skeletons (D:12)
  2 goblin zombies (D:12)
  2 hobgoblin zombies (D:12)
  27 kobolds
  2 orc skeletons (D:12)
  17 orc zombies (D:12)
  8 rats
354 creatures vanquished.

Vanquished Creatures (collateral kills)
  An ogre mage (Orc:2)
  A deep troll (Orc:2)
  Maggie (D:8)
  An orc warrior (Orc:2)
  2 ogres (Orc:2)
  A wight (D:8)
  A howler monkey (D:8)
  2 orcs (Orc:2)
10 creatures vanquished.

Vanquished Creatures (others)
  2 orcs
  11 fungi
  12 plants
25 creatures vanquished.

Grand Total: 389 creatures vanquished

Notes
Turn   | Place    | Note
-------+----------+-------------------------------------------
     0 | D:1      | Charmandara the Merfolk Berserker began the quest for the
                  | Orb.
     0 | D:1      | Reached XP level 1. HP: 18/18 MP: 1/1
   149 | D:1      | Reached XP level 2. HP: 23/24 MP: 2/2
   227 | D:1      | Found a faded altar of an unknown god.
   318 | D:1      | Reached skill level 5 in Polearms
   659 | D:1      | Reached XP level 3. HP: 29/29 MP: 3/3
   775 | D:1      | Found Tucodgh's Weapon Boutique.
   781 | D:1      | Reached ** piety under Trog
   796 | D:1      | Bought 3 javelins for 24 gold pieces
  1123 | D:2      | Found a shimmering blue altar of Sif Muna.
  1215 | D:2      | Noticed Jessica
  1231 | D:2      | Killed Jessica
  1232 | D:2      | Reached XP level 4. HP: 27/35 MP: 4/4
  1890 | D:3      | Reached XP level 5. HP: 33/41 MP: 5/5
  2138 | D:3      | Found a runed translucent door.
  2139 | D:3      | Noticed Crazy Yiuf
  2241 | D:3      | Found an ornate altar of the Wu Jian Council.
  2406 | D:3      | Found a shadowy altar of Dithmenos.
  2406 | D:3      | Found a hazy altar of Hepliaklqana.
  2410 | D:3      | Noticed a shadow
  2506 | D:3      | Killed Crazy Yiuf
  2599 | D:4      | Reached *** piety under Trog
  2682 | D:4      | Found an iron altar of Okawaru.
  2713 | D:4      | Reached XP level 6. HP: 44/47 MP: 6/6
  3038 | D:4      | Found a burning altar of Makhleb.
  3149 | D:5      | Entered Level 5 of the Dungeon
  3154 | D:5      | Reached skill level 10 in Polearms
  3154 | D:5      | Reached XP level 7. HP: 52/52 MP: 7/7
  3372 | D:5      | Reached XP level 8. HP: 58/58 MP: 8/8
  3461 | D:5      | Reached **** piety under Trog
  3534 | D:5      | Found a staircase to the Ecumenical Temple.
  3570 | D:5      | Found a runed translucent gate.
  3571 | D:5      | Found a runed translucent gate.
  3571 | D:5      | Found a runed translucent gate.
  3571 | D:5      | Noticed Seidenschwarz's ghost (novice DECj)
  3624 | D:5      | Killed Seidenschwarz's ghost
  3705 | D:5      | Found a white marble altar of Elyvilon.
  3948 | D:6      | Noticed Eustachio
  3980 | D:6      | Killed Eustachio
  3981 | D:6      | Reached XP level 9. HP: 46/64 MP: 9/9
  3988 | D:6      | Reached skill level 15 in Polearms
  4035 | D:6      | Noticed Menkaure
  4044 | D:6      | Killed Menkaure
  4100 | D:6      | Noticed Pikel
  4111 | D:6      | Killed Pikel
  4189 | D:6      | Reached skill level 1 in Throwing
  4189 | D:6      | Reached skill level 1 in Evocations
  4233 | D:6      | Found a stormy altar of Qazlal.
  4233 | D:6      | Found a bloodstained altar of Trog.
  4455 | D:6      | Noticed Duvessa
  4458 | D:6      | Noticed Dowan
  4465 | D:6      | Killed Duvessa
  4466 | D:6      | Reached skill level 5 in Dodging
  4469 | D:6      | Killed Dowan
  4516 | D:6      | Found a basalt altar of Yredelemnul.
  4525 | D:6      | Identified 3 scrolls of acquirement
  4525 | D:6      | Acquired a +3 vampiric demon trident
  4526 | D:6      | Acquired a +2 pair of gloves of hurling
  4527 | D:6      | Acquired a manual of Throwing
  4575 | D:6      | Found Vinlas's Specific Store.
  4578 | D:6      | Found Hohirpho's General Store.
  4589 | D:6      | Bought a scroll of enchant weapon for 105 gold pieces
  4791 | D:7      | Reached ***** piety under Trog
  4792 | D:7      | Reached skill level 1 in Shields
  4792 | D:7      | Reached XP level 10. HP: 72/72 MP: 10/10
  5002 | D:7      | Found a sparkling altar of Nemelex Xobeh.
  5182 | D:7      | Reached skill level 5 in Throwing
  5464 | D:8      | Noticed Maggie
  5472 | D:8      | Killed Maggie
  5484 | D:8      | Acquired a manual of Fighting
  5569 | D:8      | Reached skill level 5 in Fighting
  5622 | D:8      | Noticed an orange demon
  5624 | D:8      | Noticed Amaemon
  5637 | D:8      | Killed an orange demon
  5660 | D:8      | Killed Amaemon
  6224 | D:9      | Noticed a two-headed ogre
  6235 | D:9      | Killed a two-headed ogre
  6236 | D:9      | Reached skill level 5 in Shields
  6236 | D:9      | Reached XP level 11. HP: 87/87 MP: 11/11
  6321 | D:9      | Gained mutation: You possess an exceptional clarity of
                  | mind. [potion of mutation]
  6321 | D:9      | Gained mutation: You are strong-willed. (Will+) [potion of
                  | mutation]
  6477 | D:9      | Reached skill level 10 in Throwing
  6635 | D:9      | Found an opulent altar of Gozag.
  6681 | D:9      | Noticed a two-headed ogre
  6690 | D:9      | Killed a two-headed ogre
  6850 | D:10     | Entered Level 10 of the Dungeon
  6967 | D:10     | Reached skill level 10 in Fighting
  7068 | D:10     | Received a gift from Trog
  7130 | D:10     | Noticed a death yak
  7132 | D:10     | Noticed a death yak
  7137 | D:10     | Noticed a death yak
  7140 | D:10     | Noticed a death yak
  7146 | D:10     | Killed a death yak
  7153 | D:10     | Killed a death yak
  7153 | D:10     | Noticed a death yak
  7157 | D:10     | Killed a death yak
  7168 | D:10     | Killed a death yak
  7177 | D:10     | Killed a death yak
  7217 | D:10     | Found a staircase to the Lair.
  7301 | D:10     | Noticed a two-headed ogre
  7309 | D:10     | Killed a two-headed ogre
  7467 | D:10     | Noticed a two-headed ogre
  7476 | D:10     | Killed a two-headed ogre
  7477 | D:10     | Reached XP level 12. HP: 79/105 MP: 12/12
  8106 | D:11     | Noticed Fannar
  8118 | D:11     | Killed Fannar
  8246 | D:11     | Noticed a two-headed ogre
  8255 | D:11     | Killed a two-headed ogre
  8276 | D:11     | Reached skill level 15 in Fighting
  8672 | D:12     | Noticed a seven-headed hydra
  8678 | D:12     | Killed a seven-headed hydra
  8852 | D:12     | Noticed a two-headed ogre
  8857 | D:12     | Killed a two-headed ogre
  8969 | D:12     | Found a staircase to the Orcish Mines.
  9198 | Orc:1    | Entered Level 1 of the Orcish Mines
  9263 | Orc:1    | Found Cotsoroh's Antique Weapon Shoppe.
  9403 | Orc:2    | Entered Level 2 of the Orcish Mines
  9461 | Orc:2    | Found a staircase to the Elven Halls.
  9464 | Orc:2    | Noticed an ogre mage
  9464 | Orc:2    | Noticed a two-headed ogre
  9468 | Orc:2    | Noticed a two-headed ogre
  9470 | Orc:2    | Noticed a two-headed ogre
  9471 | Orc:2    | Noticed a two-headed ogre
  9476 | Orc:2    | Killed an ogre mage
  9590 | Orc:2    | Killed a two-headed ogre
  9591 | Orc:2    | Killed a two-headed ogre
  9596 | Orc:2    | Killed a two-headed ogre
  9597 | Orc:2    | Reached XP level 13. HP: 99/117 MP: 13/13
  9952 | Orc:2    | Received a gift from Trog
 10006 | Orc:2    | Noticed an orc warlord
 10021 | Orc:2    | Killed an orc warlord
 10151 | Orc:2    | Found a runed translucent gate.
 10151 | Orc:2    | Found a runed translucent gate.
 10151 | Orc:2    | Found a runed translucent gate.
 10282 | Orc:2    | Slain by a troll

Illustrated notes

Levels and vault maps discovered:
D:1:      wander_arrival_estate, layout_loops_corners,
          hellmonk_ecumenical_altar_arch_garden, serial_shops,
          nicolae_shop_bloodbath_and_beyond
D:2:      layout_basic, basic_altar, chequers_big_river,
          chequers_serial_rivers_micro_c, nicolae_titane, uniq_jessica
D:3:      layout_loops_ring, riverfiend_overflow_shadow_ancestor,
          pdpol_wu_jian_five_deadly_venoms, uniq_crazy_yiuf_cottage
D:4:      layout_basic, okawaru_metal_pillars_1_2, makhleb_heckhound_becter
D:5:      old_forge, layout_basic, nicolae_elyvilon_temple_path,
          minmay_temple_entry_wispy, ebering_ghost_rock_garden,
          kb_lookout_dungeons_type
D:6:      layout_cave_pools, mainiacjoe_overflow_small_starburst,
          gammafunk_temple_overflow_pools, hangedman_abyss_or_decor_passed,
          kennysheep_decorative_pillar, hellmonk_bongcloud_opening,
          nicolae_specific_store, uniq_duvessa, uniq_menkaure, uniq_pikel,
          uniq_eustachio
D:7:      layout_gridville, nemelex_spade_bored_becter
D:8:      layout_basic, uniq_maggie, uniq_amaemon
D:9:      layout_cave_pods, mainiacjoe_overflow_alcove_4
D:10:     layout_stronghold, dpeg_lair_monsters, chequers_serial_rivers_micro_e,
          due_unseen_surprise
D:11:     layout_grid_maze, dreamdust_mushroom_princess, uniq_fannar
D:12:     layout_basic, zombieorc2_lemuel
Orc:1:    layout_caves, serial_shops, nicolae_shop_behind_doors,
          nicolae_diamond_shop
Orc:2:    st_orc_open, layout_diamond_mine, gammafunk_ghost_necromancy,
          basic_altar, serial_shops, nicolae_shop_behind_doors

Skill      XL: |  1  2  3  4  5  6  7  8  9 10 11 12 13 |
---------------+----------------------------------------+-----
Polearms       | 5 6 7 8 10 12 14 16 | 16.0
Dodging        | 5 7 9 |  9.1
Throwing       | 3 9 13 14 | 14.8
Evocations     | 2 |  2.4
Fighting       | 4 8 13 16 | 16.0
Shields        | 1 5 |  5.0
Armour         | 2 4 |  4.4

Action                   |  1- 3 |  4- 6 |  7- 9 | 10-12 | 13-15 || total
-------------------------+-------+-------+-------+-------+-------++-------
Melee: Spear             |   130 |   133 |       |       |       ||   263
       Punch             |     1 |       |       |       |       ||     1
       Tailslap          |       |     2 |     2 |       |       ||     4
       Halberd           |       |    46 |   247 |       |       ||   293
       Demon trident     |       |       |    21 |   526 |   116 ||   663
Throw: Dart              |       |       |     5 |    41 |     9 ||    55
       Boomerang         |       |       |     8 |       |     6 ||    14
Invok: Brothers in Arms  |       |       |       |     3 |     3 ||     6
       Berserk           |       |       |       |     2 |     1 ||     3
       Trog's Hand       |       |       |       |       |     3 ||     3
Evoke: Wand              |       |     6 |    12 |    12 |     1 ||    31
  Use: Potion            |       |     1 |     1 |     5 |     3 ||    10
       Scroll            |       |       |    15 |    10 |     2 ||    27
 Stab: Sleeping          |       |     3 |     2 |     1 |       ||     6
       Paralysed         |       |     9 |    10 |     4 |       ||    23
       Distracted        |       |     1 |       |       |       ||     1
       Invisible         |       |       |       |     3 |       ||     3
Armor: Animal skin       |     1 |       |       |       |       ||     1
       Leather armour    |    32 |    41 |    65 |   106 |    17 ||   261
       Pearl dragon scal |       |       |       |       |    18 ||    18
Dodge: Dodged            |    71 |    72 |   146 |   195 |    94 ||   578
Block: Buckler           |       |       |     4 |   135 |    46 ||   185
